 Dungeon Crawl Stone Soup version 0.27-a0-1177-g245c70e1c0 (webtiles) character file.

Game seed: 4205532633650878016

288 polve the Chopper (level 6, 0/44 HPs)
             Began as a Demonspawn Gladiator on May 16, 2021.
             Slain by Terence
             ... wielding a +0 flail
              (4 damage)
             ... on level 3 of the Dungeon.
             The game lasted 00:01:55 (2509 turns).

polve the Chopper (Demonspawn Gladiator)            Turns: 2509, Time: 00:01:55

Health: 0/44       AC:  8    Str: 17      XL:     6   Next: 9%
Magic:  6/6        EV:  8    Int:  8 (9)  God:
Gold:   104        SH:  0    Dex: 20      Spells: 5/5 levels left

rFire    . . .     SeeInvis .   a - +0 war axe
rCold    . . .     Faith    .   (no shield)
rNeg     . . .     Spirit   .   o - +0 chain mail
rPois    .         Reflect  .   c - +0 helmet
rElec    .         Harm     .   (no cloak)
rCorr    .         Rampage  .   h - +0 pair of gloves
Will     .....                  (no boots)
Stlth    ..........             p - amulet of the acrobat
HPRegen  0.14/turn              i - +6 ring of dexterity
MPRegen  0.10/turn              (no ring)

@: no status effects
A: talons 1, yellow scales 1, deformed body, deterioration 1, MP-powered wands
a: no special abilities


You were on level 3 of the Dungeon.
You visited 1 branch of the dungeon, and saw 3 of its levels.

You collected 104 gold pieces.

Inventory:

Hand Weapons
 a - a +0 war axe (weapon)
Missiles
 d - 3 throwing nets (quivered)
Armour
 c - a +0 helmet (worn)
 h - a +0 pair of gloves (worn)
 o - a +0 chain mail (worn)
Jewellery
 f - a +6 ring of intelligence
 i - a +6 ring of dexterity (left hand)
 p - an amulet of the acrobat (around neck)
Scrolls
 e - a scroll of brand weapon {unknown}
 g - a scroll of teleportation {unknown}
 l - a scroll of fog {unknown}
 n - a scroll of identify {unknown}
Potions
 k - a potion of cancellation
 m - 2 potions of magic


   Skills:
 - Level 2.0 Fighting
 + Level 6.3 Axes
 - Level 1.7 Throwing
 - Level 2.6 Dodging


You had 5 spell levels left.
You didn't know any spells.
Your spell library contained the following spells:

 Spells                   Type           Power      Damage    Failure   Level
 Corona                   Hex            0%         N/A       100%        1
 Ensorcelled Hibernation  Hex/Ice        0%         N/A       100%        2
 Confusing Touch          Hex            0%         N/A       100%        3
 Dazzling Flash           Conj/Hex       0%         N/A       100%        3
 Tukima's Dance           Hex            0%         N/A       100%        3


Dungeon Overview and Level Annotations

Branches:
Dungeon (3/15)

Altars:

Annotations:
D:3 Jessica, Terence


Innate Abilities, Weirdness & Mutations

You have sharp toenails.
You are partially covered in yellow scales. (AC +2)
Armour fits poorly on your strangely shaped body.
Your body sometimes deteriorates upon taking damage.
You expend magic power (3 MP) to strengthen your wands.


Message History

Terence closely misses you.
The black bear bites you but does no damage.
The black bear barely misses you. The black bear closely misses you.
Really quaff the potion of mutation? [Y]es or [N]o only, please.
Really quaff the potion of mutation? [Y]es or [N]o only, please.
Really quaff the potion of mutation? [Y]es or [N]o only, please.
Really quaff the potion of mutation? [Y]es or [N]o only, please.
Really quaff the potion of mutation?
You feel extremely strange.
You feel clumsy. Nature stops experimenting on you.
Your body twists and deforms.
You feel your magical essence link to the dungeon's wands.
Terence hits you but does no damage.
The black bear bites you but does no damage.
The black bear claws you but does no damage. x2
You hit Terence but do no damage. Your kick misses Terence.
Terence is heavily wounded.
You hit the black bear. Terence barely misses you. The black bear bites you.
* * * LOW HITPOINT WARNING * * *
Your body deteriorates!
You feel dopey. The black bear claws you.
* * * LOW HITPOINT WARNING * * *
The black bear closely misses you.
You hit Terence. You claw Terence.
Terence is severely wounded.
You hit the black bear but do no damage.
Terence hits you with a +0 flail.
* * * LOW HITPOINT WARNING * * *
The black bear closely misses you.
The black bear claws you but does no damage. x2
You hit Terence. You claw Terence, but do no damage.
Terence is almost dead.
You hit the black bear.
Jessica mumbles some strange words.
Jessica seems to speed up.
Terence hits you with a +0 flail.
You die...

.. .. .## .. ... .## ...
.. ..# ....( #@#.. ......
go.# ... ...... #@h# ...
.. ......# #@.## ... ...
#......##...## ..###....
#.#..#.......#####.......#
#...!....................#
#.......................#
#.####..#.....#†........#
#.#####...###.##..#...# #
...........##..#..#...# #
.........######........# #


You could see a black bear, Terence, Jessica (fast), an orc and a hobgoblin.

Vanquished Creatures
  Sigmund (D:3)
  2 bullfrog skeletons (D:2)
  2 adders (D:2)
  A worm (D:3)
  2 dart slugs (D:1)
  2 orcs (D:3)
  7 endoplasms
  8 hobgoblins
  A quokka (D:2)
  5 ball pythons
  3 bats (D:1)
  A frilled lizard (D:2)
  6 goblins
  5 kobolds
  4 rats
50 creatures vanquished.

Notes
Turn   | Place    | Note
-------+----------+-------------------------------------------
     0 | D:1      | polve the Demonspawn Gladiator began the quest for the Orb.
     0 | D:1      | Reached XP level 1. HP: 16/16 MP: 1/1
   130 | D:1      | Found a faded altar of an unknown god.
   146 | D:1      | Reached skill level 3 in Axes
   228 | D:1      | Gained mutation: You have sharp toenails. [demonic
                  | ancestry]
   228 | D:1      | Reached XP level 2. HP: 22/22 MP: 2/2
   710 | D:1      | Reached XP level 3. HP: 27/27 MP: 3/3
  1047 | D:2      | Reached skill level 4 in Axes
  1172 | D:2      | Reached XP level 4. HP: 13/33 MP: 4/4
  1835 | D:2      | Reached skill level 5 in Axes
  2144 | D:3      | Noticed Sigmund
  2159 | D:3      | Killed Sigmund
  2160 | D:3      | Reached skill level 6 in Axes
  2160 | D:3      | Gained mutation: You are partially covered in yellow
                  | scales. (AC +2) [demonic ancestry]
  2160 | D:3      | Reached XP level 5. HP: 38/38 MP: 5/5
  2160 | D:3      | Reached XP level 6. HP: 44/44 MP: 6/6
  2492 | D:3      | Noticed Terence
  2504 | D:3      | Gained mutation: You are agile. (Dex +2) [potion of
                  | mutation]
  2504 | D:3      | Gained mutation: You evolve. [potion of mutation]
  2504 | D:3      | Gained mutation: Your body sometimes deteriorates upon
                  | taking damage. [potion of mutation]
  2504 | D:3      | Noticed Jessica
  2506 | D:3      | Lost mutation: You are agile. (Dex +2) [potion of mutation]
  2506 | D:3      | Lost mutation: You evolve. [potion of mutation]
  2506 | D:3      | Gained mutation: Armour fits poorly on your strangely
                  | shaped body. [potion of mutation]
  2506 | D:3      | Gained mutation: You expend magic power (3 MP) to
                  | strengthen your wands. [potion of mutation]
  2509 | D:3      | Slain by Terence

Illustrated notes

Levels and vault maps discovered:
D:1:      sevenhm_arrival_forest_fort_large_4, layout_rooms,
          chequers_ecumenical_altar_twisty, dk_noncrumbling_4,
          minmay_tiny_reverse_x
D:2:      layout_loops_ring, skrybe_limestone_x, minmay_misc_feat_tiny,
          eino_curves_02, nrook_mini_backslash
D:3:      layout_rooms, uniq_sigmund, uniq_crazy_yiuf_cottage, uniq_jessica,
          uniq_terence

Skill      XL: |  1  2  3  4 |
---------------+-------------+-----
Axes           | 3 4 6 |  6.3
Fighting       | |  2.0
Throwing       | |  1.7
Dodging        | |  2.6

Action                   |  1- 3 |  4- 6 || total
-------------------------+-------+-------++-------
Melee: War axe           |    76 |    40 ||   116
       Kick              |    15 |    10 ||    25
       Unarmed           |       |    17 ||    17
  Use: Potion            |       |     8 ||     8
 Stab: Sleeping          |     2 |       ||     2
Armor: Leather armour    |    26 |     1 ||    27
       Chain mail        |       |    37 ||    37
       Skin              |       |    13 ||    13
Dodge: Dodged            |    63 |    34 ||    97

Table legend: (Time is in decaauts)
 A = Elapsed time spent in this place.
 B = Non-inter-level travel time spent in this place.
 C = Inter-level travel time spent in this place.
 D = Time resting spent in this place.
 E = Time spent auto-exploring this place.
 F = Levels seen in this place.
 G = Mean time per level.
                   A        B        C        D        E       F      G
               +--------+--------+--------+--------+--------+-----+--------+
         Total |   2541 |   2371 |    170 |      0 |   2019 |   3 |  847.0 |
       Dungeon |   2541 |   2371 |    170 |      0 |   2019 |   3 |  847.0 |
               +--------+--------+--------+--------+--------+-----+--------+

Top non-repeatable levels by time:
     D:2: 1145 daAuts
     D:1: 1029 daAuts
     D:3: 366 daAuts
